 Dungeon Crawl Stone Soup version 0.25-a0-668-gea548f1 (webtiles) character file.

Game seed: 16883714784389940876, levelgen mode: deterministic

786756 Dorkslayer the Hoplite (level 27, -2/283 HPs)
             Began as a Gargoyle Fighter on Mar 23, 2020.
             Was the Champion of the Shining One.
             Killed from afar by a hellion (27 damage)
             ... with damnation
             ... on level 5 of the Realm of Zot on Mar 28, 2020.
             The game lasted 09:49:50 (73119 turns).

Dorkslayer the Hoplite (Gargoyle Fighter)          Turns: 73119, Time: 09:49:50

Health: -2/283     AC: 68    Str: 32    XL:     27
Magic:  37/37      EV: 24    Int: 10    God:    the Shining One [******]
Gold:   4820       SH: 28    Dex: 15    Spells: 26/26 levels left

rFire    + . .     SeeInvis .   r - +9 eudemon blade (holy)
rCold    + + .     Gourm    .   V - +1 kite shield {AC+3}
rNeg     + + +     Faith    .   Z - +9 gold dragon scales
rPois    ∞         Spirit   .   R - +2 helmet {Int+3}
rElec    +         Reflect  +   F - +2 cloak {MR+}
rCorr    .         Harm     .   S - +0 pair of gloves {Str+3}
MR       ++++.     Rnd*Rage +   I - +2 pair of boots {run}
Stlth    ..........             v - brooch of Shielding {Reflect SH+8}
HPRegen  0.57/turn              A - ring "Jiwitha" {rElec rC+ MR+ Stlth+}
MPRegen  0.25/turn              o - ring of Phasing {EV+8}

@: berserking, marked, flying, glowing, very quick
A: big wings, agile 1, berserk 1, blurry vision 1, dopey 1, mutation resistance
1, negative energy resistance 1, electricity resistance, unbreathing,
petrification resistance, rot immunity, AC +20
0: Orb of Zot
}: 4/15 runes: decaying, silver, abyssal, gossamer
a: Stop Flying, Divine Shield, Cleansing Flame, Summon Divine Warrior, Renounce
Religion


You were on level 5 of the Realm of Zot.
You worshipped the Shining One.
The Shining One was exalted by your worship.
You were not hungry.

You visited 12 branches of the dungeon, and saw 55 of its levels.
You visited the Abyss 2 times.
You visited 1 bazaar.
You also visited: Bailey, Gauntlet, Volcano and Desolation.

You collected 10032 gold pieces.
You spent 5212 gold pieces at shops.

Inventory:

Hand Weapons
 r - a +9 eudemon blade of holy wrath (weapon)
 Q - the +8 war axe "Mycs" {flame, +Inv rC+++ Dex-4 Stlth+}
   (You found it on level 5 of the Abyss)

   It has been specially enchanted to burn those struck by it, causing extra
   injury to most foes and up to half again as much damage against particularly
   susceptible opponents.
   Big, fiery blades are also staple armaments of hydra-hunters.
   It affects your dexterity (-4).
   It renders you almost immune to cold.
   It lets you turn invisible.
   It makes you more stealthy.
Missiles
 G - 30 curare-tipped darts
 K - 32 javelins (quivered)
 M - 3 silver boomerangs
Armour
 F - a +2 cloak of magic resistance (worn)
 I - a +2 pair of boots of running (worn)
 O - the +0 pair of boots "Umad Xoth" {MR+ Str+2}
   (You found it on level 5 of the Vaults)

   It affects your strength (+2).
   It affects your resistance to hostile enchantments.
 R - a +2 helmet of intelligence (worn)
 S - a +0 pair of gloves of strength (worn)
 V - a +1 kite shield of protection (worn)
 Z - +9 gold dragon scales (worn)
Jewellery
 o - the ring of Phasing (right hand) {EV+8}
   (You found it on level 3 of the Depths)

   [ring of evasion]

   It affects your evasion (+8).
 v - the brooch of Shielding (around neck) {Reflect SH+8}
   (You found it in a Gauntlet)

   [amulet of reflection]

   It shields you and reflects attacks.
   It affects your SH (+8).
 y - an uncursed ring of resist corrosion
 A - the ring "Jiwitha" (left hand) {rElec rC+ MR+ Stlth+}
   (You bought it in a shop on level 3 of the Depths)

   [ring of stealth]

   It protects you from cold.
   It insulates you from electricity.
   It affects your resistance to hostile enchantments.
   It makes you more stealthy.
 E - the amulet of Pinum {Spirit Dex+4}
   (You took it off a tengu reaver on level 2 of the Depths)

   [amulet of guardian spirit]

   It causes incoming damage to be split between your health and magic.
   It affects your dexterity (+4).
 U - the ring of Esyluic {rF++ rN+}
   (You found it on level 5 of the Vaults)

   [ring of positive energy]

   It greatly protects you from fire.
   It protects you from negative energy.
Wands
 a - a wand of iceblast (6)
 g - a wand of digging (11)
 h - a wand of acid (9)
 w - a wand of paralysis (38)
 B - a wand of scattershot (3)
 L - a wand of flame (98)
 Y - a wand of disintegration (41)
Scrolls
 j - 6 scrolls of teleportation
 l - 4 scrolls of immolation
 m - 32 scrolls of remove curse
 t - 8 scrolls of fog
 u - a scroll of holy word
 x - 6 scrolls of magic mapping
 z - a scroll of silence
 N - 5 scrolls of blinking
Potions
 b - 2 potions of curing
 n - 4 potions of mutation
 s - 4 potions of resistance
 D - a potion of cancellation
 H - 7 potions of ambrosia
 P - 3 potions of might
 T - 5 potions of berserk rage
Miscellaneous
 d - a lightning rod (4/4)
 e - 3 boxes of beasts
 p - 3 tins of tremorstones
 q - a lamp of fire
 C - a phial of floods
 J - 7 phantom mirrors
 W - a fan of gales
Comestibles
 f - 34 rations
 k - 3 chunks of flesh


   Skills:
 * Level 23.8 Fighting
 + Level 18.1 Long Blades
 + Level 12.3 Throwing
 * Level 19.5 Armour
 * Level 14.9 Dodging
 - Level 16.3 Stealth
 + Level 26.0 Shields
 * Level 21.6 Invocations
 * Level 18.0 Evocations


You had 26 spell levels left.
You didn't know any spells.
Your spell library contained the following spells:

 Spells                   Type           Power        Failure   Level  Hunger
 Apportation              Tloc           #.....       98%         1    ##.....
 Beastly Appendage        Tmut           #.....       98%         1    ##.....
 Corona                   Hex            #......      98%         1    ##.....
 Foxfire                  Conj/Fire      #...         98%         1    ##.....
 Freeze                   Ice            #...         98%         1    ##.....
 Magic Dart               Conj           #...         98%         1    ##.....
 Sandblast                Erth           #.....       98%         1    ##.....
 Shock                    Conj/Air       #...         98%         1    ##.....
 Sting                    Tmut/Pois      #...         98%         1    ##.....
 Summon Butterflies       Summ           #.......     98%         1    ##.....
 Summon Small Mammal      Summ           #...         98%         1    ##.....
 Blink                    Tloc           N/A          99%         2    ###....
 Call Imp                 Summ           #.......     99%         2    ###....
 Corpse Rot               Necr/Air       N/A          99%         2    ###....
 Passwall                 Tmut/Erth      #.......     99%         2    ###....
 Searing Ray              Conj           #.....       99%         2    ###....
 Shroud of Golubria       Chrm/Tloc      #.....       99%         2    ###....
 Slow                     Hex            #.......     99%         2    ###....
 Sticks to Snakes         Tmut           #.......     99%         2    ###....
 Swiftness                Chrm/Air       #.......     99%         2    ###....
 Call Canine Familiar     Summ           #.......     100%        3    ####...
 Conjure Flame            Conj/Fire      #.......     100%        3    ####...
 Dazzling Flash           Conj/Hex       #.....       100%        3    ####...
 Frozen Ramparts          Ice            #.....       100%        3    ####...
 Gell's Gravitas          Tloc           #.........   100%        3    ####...
 Ignite Poison            Fire/Tmut/Pois #.......     100%        3    ####...
 Inner Flame              Hex/Fire       #.......     100%        3    ####...
 Lesser Beckoning         Tloc           #.........   100%        3    ####...
 Mephitic Cloud           Conj/Pois/Air  #.......     100%        3    ####...
 Ozocubu's Armour         Chrm/Ice       #.......     100%        3    ####...
 Portal Projectile        Hex/Tloc       #.....       100%        3    ####...
 Recall                   Summ/Tloc      N/A          100%        3    ####...
 Spider Form              Tmut/Pois      #.........   100%        3    ####...
 Stone Arrow              Conj/Erth      #.....       100%        3    ####...
 Summon Guardian Golem    Hex/Summ       #.......     100%        3    ####...
 Teleport Other           Tloc           #.......     100%        3    ####...
 Tukima's Dance           Hex            #.......     100%        3    ####...
 Vampiric Draining        Necr           #.........   100%        3    ####...
 Animate Dead             Necr           N/A          100%        4    #####..
 Cause Fear               Hex            #.........   100%        4    #####..
 Fulminant Prism          Conj/Hex       #.........   100%        4    #####..
 Hailstorm                Conj/Ice       #.......     100%        4    #####..
 Ice Form                 Ice/Tmut       #.......     100%        4    #####..
 Iskenderun's Mystic Bla  Conj/Tloc      #.......     100%        4    #####..
 Leda's Liquefaction      Hex/Erth       #.........   100%        4    #####..
 Sticky Flame             Conj/Fire      #.......     100%        4    #####..
 Summon Ice Beast         Ice/Summ       #.......     100%        4    #####..
 Alistair's Intoxication  Tmut/Pois      #.......     100%        5    ######.
 Aura of Abjuration       Summ           #.........   100%        5    ######.
 Blade Hands              Tmut           #.........   100%        5    ######.
 Bolt of Magma            Conj/Fire/Erth #.........   100%        5    ######.
 Borgnjor's Vile Clutch   Necr/Erth      #.........   100%        5    ######.
 Irradiate                Conj/Tmut      #.........   100%        5    ######.
 Iskenderun's Battlesphe  Conj/Chrm      #.......     100%        5    ######.
 Lee's Rapid Deconstruct  Erth           #.........   100%        5    ######.
 Silence                  Hex/Air        #.........   100%        5    ######.
 Summon Forest            Summ/Tloc      #.........   100%        5    ######.
 Summon Mana Viper        Hex/Summ       #.......     100%        5    ######.
 Death Channel            Necr           #.........   100%        6    #######
 Deflect Missiles         Chrm/Air       #.........   100%        6    #######
 Dispersal                Tloc           #.........   100%        6    #######
 Eringya's Noxious Bog    Tmut/Pois      #.........   100%        6    #######
 Hydra Form               Tmut           #.........   100%        6    #######
 Invisibility             Hex            #.......     100%        6    #######
 Iron Shot                Conj/Erth      #.........   100%        6    #######
 Simulacrum               Ice/Necr       #.........   100%        6    #######
 Dragon Form              Tmut           #.........   100%        7    #######
 Haunt                    Necr/Summ      #.........   100%        7    #######
 Malign Gateway           Summ/Tloc      #.........   100%        7    #######
 Monstrous Menagerie      Summ           #.........   100%        7    #######
 Orb of Destruction       Conj           #.........   100%        7    #######
 Spellforged Servitor     Conj/Summ      #.........   100%        7    #######
 Summon Greater Demon     Summ           #.........   100%        7    #######
 Summon Hydra             Summ           #.........   100%        7    #######
 Borgnjor's Revivificati  Necr           #.........   100%        8    #######
 Chain Lightning          Conj/Air       #.........   100%        8    #######
 Controlled Blink         Tloc           N/A          100%        8    #######
 Death's Door             Chrm/Necr      #.........   100%        8    #######
 Disjunction              Tloc           #.........   100%        8    #######
 Ignition                 Fire           #.........   100%        8    #######
 Infestation              Necr           #.........   100%        8    #######
 Lehudib's Crystal Spear  Conj/Erth      #.........   100%        8    #######
 Necromutation            Tmut/Necr      #.........   100%        8    #######
 Summon Horrible Things   Summ           #.........   100%        8    #######
 Fire Storm               Conj/Fire      #.........   100%        9    #######
 Glaciate                 Conj/Ice       #.........   100%        9    #######
 Shatter                  Erth           #.........   100%        9    #######
 Statue Form              Tmut/Erth      Unusable     N/A         6    N/A

Dungeon Overview and Level Annotations

Branches:
Dungeon (15/15)            Temple (1/1) D:7            Lair (6/6) D:9
  Swamp (4/4) Lair:2       Spider (4/4) Lair:3        Slime (0/5) Lair:6
    Orc (2/2) D:9             Elf (3/3) Orc:2        Vaults (5/5) D:13
  Crypt (3/3) Vaults:2       Tomb (2/3) Crypt:3      Depths (5/5) D:15
    Zot (5/5) Depths:5     Bailey (visited)         Volcano (visited)
Desolation (visited)      Gauntlet (visited)

Altars:
Ashenzari
Cheibriados
Dithmenos
Elyvilon
Fedhas
Gozag
Hepliaklqana
Kikubaaqudgha
Makhleb
Nemelex Xobeh
Okawaru
Qazlal
Ru
Sif Muna
Trog
Uskayaw
Vehumet
Wu Jian
Xom
Yredelemnul
Zin
The Shining One
Beogh
Jiyva

Shops:
D:4 ([(}!   D:6 *   D:9 !   Orc:2 [%([   Elf:1 }(:%   Elf:2 *   Vaults:1 :
Vaults:4 %   Depths:3 =

Portals:
Hell: Depths:1 Depths:2 Depths:3 Depths:4 Depths:5
Abyss: Elf:2 Depths:1 Depths:4
Pandemonium: Depths:3 Depths:5
Ziggurat: Depths:4
Trove: Vaults:3 (give 3 potions of resistance)


Innate Abilities, Weirdness & Mutations

You are resistant to torment.
Your stone body is resilient. (AC +20)
You are immune to poison.
Your large and strong wings let you fly indefinitely.
You resist negative energy. (rN+)
You are resistant to electric shocks. (rElec)
You can survive without breathing.
You are immune to petrification.
You are immune to rotting.
You are agile. (Dex +2)
You tend to lose your temper in combat.
Scrolls take you a little longer to read.
You are dopey. (Int -2)
You are somewhat resistant to further mutation.


Message History

Unknown command.
A red film seems to cover your vision as you go berserk!
You feel yourself moving faster!
You feel mighty!
You slash the storm dragon!
The storm dragon is heavily wounded.
The storm dragon bites you!
* * * LOW HITPOINT WARNING * * *
You block the storm dragon's attack. x2
Your elder shocksting beast hits the storm dragon!
Your elder shocksting beast barely misses the storm dragon.
You slice the storm dragon!!
The storm dragon is almost dead.
The storm dragon breathes lightning at you.
The bolt of lightning hits you but does no damage.
Unknown command.
You slice the storm dragon!!
You kill the storm dragon!
The storm dragon scales are intact enough to wear.
The hellion gestures at you.
The sphere of damnation explodes!
The damnation engulfs you!!
You die...

......## *#................**
......# ##..((..............**
.....## #..(.................*
.....# #.....(..............#
.....## #....................#
......# #...†......(.........#
......## #............^.^.....#
.......#*#.^..................#
#####..^###[...H@.^........^.#*
*#....##...[H..A........#*
**#........^...2...?..##
#▓▓▓▓▓▓▓▓▓▓▓##?....▓▓
▓▓▓▓.............[.▓▓
##▓................†..▓▓
##............^.)......°▓* ▓▓▓▓
#...................°.^..▓
^..▓▓▓.................)......▓


You could see a hellion, a friendly daeva and 2 friendly mutant beasts.

Vanquished Creatures
  2 orbs of fire
  The ghost of Fini the Conqueror, a legendary MiBe of Trog (Depths:5)
  5 ancient liches
  3 juggernauts
  18 greater mummies
  2 Killer Klowns (Zot:5)
  4 curse toes
  A shard shrike (Zot:5)
  A pandemonium lord (Zot:5)
  12 golden dragons
  The ghost of Lochavei the Warrior, an adept DsNe of Vehumet (Elf:2)
  6 bone dragons
  A profane servitor (Crypt:3)
  5 electric golems
  An iron giant (Depths:5)
  25 tentacled monstrosities
  A hellephant (Abyss:5)
  22 Orb Guardians (Zot:5)
  4 deep elf blademasters
  17 liches
  A quicksilver dragon (shapeshifter) (Depths:2)
  8 titans
  7 quicksilver dragons
  A deep elf master archer (Elf:3)
  5 death cobs
  2 acid blobs (Lair:6)
  15 tentacled starspawn
  Asterion (Spider:1)
  13 sphinxes
  4 ancient champions
  Kirke (Lair:5)
  9 storm dragons
  3 thorn hunters
  An Executioner (Elf:2)
  11 tengu reavers
  13 shadow dragons
  2 revenants
  The ghost of Pafuh the Severer, a journeyman DDFi of Makhleb (Depths:5)
  The ghost of Tiatoin the Severer, a journeyman DDFi of Makhleb (Depths:5)
  14 frost giants
  6 draconian monks
  7 fire giants
  5 deep elf sorcerers
  10 ghost moths
  2 orc warlords (Orc:2)
  2 curse skulls
  6 emperor scorpions
  12 draconian knights
  10 vault wardens
  5 iron dragons
  An imperial myrmidon (Desolation)
  Louise (Depths:1)
  A cacodemon (Abyss:5)
  4 draconian scorchers (Zot:1)
  4 draconian stormcallers
  5 draconian shifters
  6 deep elf elementalists
  3 reapers (Abyss:5)
  5 ghouls
  The ghost of Borypis the Brawler, a journeyman TrFi of Ru (D:14)
  12 ironheart preservers
  2 spriggan defenders
  A caustic shrike skeleton (Depths:3)
  A war gargoyle (Vaults:5)
  6 draconian annihilators
  An ophan (Abyss:5)
  16 stone giants
  19 very ugly things
  4 entropy weavers
  8 vampire knights
  7 deep elf demonologists
  2 lorocyprocas
  8 green draconians
  13 red draconians
  12 white draconians
  3 halazid warlocks (Desolation)
  15 black draconians
  2 minotaurs
  5 spark wasps
  7 deep elf annihilators
  8 yellow draconians
  A spark wasp (shapeshifter) (Depths:4)
  20 purple draconians
  Snorg (D:14)
  15 mummy priests
  14 deep elf death magi
  5 eidola
  10 fire dragons
  The ghost of Bisypsihi the Quickloader, a journeyman KoAM of Okawaru (Lair:1)
  A green death (Abyss:5)
  11 ettins
  Josephine (D:13)
  3 ragged hierophants (Desolation)
  6 deep elf high priests
  20 jiangshi
  A spectral golden dragon (Crypt:3)
  2 quicksilver dragon zombies (Crypt:1)
  A crystal guardian (Elf:2)
  14 great orbs of eyes
  6 servants of whispers (Desolation)
  4 peacekeepers (Desolation)
  9 yaktaur captains
  35 vault guards
  6 ice dragons
  2 monstrous demonspawn (Depths:5)
  4 shambling mangroves
  20 hydras
  A hell beast (Gauntlet)
  A ghost crab (Swamp:3)
  A merfolk avatar (Abyss:5)
  11 rakshasas
  A catoblepas (Gauntlet)
  2 spriggan air magi
  An anaconda (shapeshifter) (Depths:5)
  48 death scarabs
  26 dancing weapons
  A satyr (shapeshifter) (Vaults:5)
  18 two-headed ogres
  5 hell hogs
  7 deep troll earth magi
  3 death knights (Crypt:3)
  5 centaur warriors
  10 ogre magi
  18 alligators
  A queen ant (Gauntlet)
  A satyr (Abyss:3)
  5 tengu warriors
  Urug (Lair:3)
  8 death yaks
  12 deep troll shamans
  7 spriggan berserkers
  Nergalle (D:12)
  5 vampire magi
  24 thrashing horrors
  An orc high priest (Swamp:2)
  3 sun demons
  25 deep elf knights
  2 soul eaters
  16 hell knights
  A titan zombie (Tomb:1)
  5 shadow wraiths
  17 wretched stars
  4 salamander mystics
  8 spatial maelstroms
  3 sixfirhies
  3 iron trolls
  20 deep trolls
  46 skeletal warriors
  A spectral iron dragon (Crypt:3)
  A gelid demonspawn (Depths:5)
  4 unseen horrors
  58 starcursed masses
  2 spriggan druids
  15 deep elf archers
  8 swamp dragons (Swamp:4)
  8 flayed ghosts
  A shadow dragon zombie (Tomb:2)
  16 phantasmal warriors
  7 glowing orange brains
  8 wizards
  15 necromancers
  68 deep elf magi
  15 ironbrand convokers
  13 orc knights
  17 orb spiders
  A wolf spider zombie (D:14)
  22 ugly things
  2 manticores
  5 cyclopes
  6 orc sorcerers
  35 wolf spiders
  A faun (Abyss:5)
  A tengu skeleton (Depths:3)
  15 salamanders
  20 moths of wrath
  A shining eye (Abyss:4)
  An iron dragon skeleton (Tomb:1)
  8 worldbinders
  An elephant (shapeshifter) (Depths:3)
  3 elephants (Lair:5)
  4 guardian serpents
  A stone giant skeleton (Vaults:4)
  A salamander (shapeshifter) (Vaults:5)
  A black mamba (Lair:5)
  4 frost giant skeletons
  A molten gargoyle (Volcano)
  A water nymph (shapeshifter) (Elf:3)
  10 vault sentinels
  5 orange demons
  6 apocalypse crabs
  21 smoke demons
  A hellion (Abyss:5)
  8 gargoyles
  A storm dragon simulacrum (Vaults:2)
  2 human zombies
  6 komodo dragons
  30 spiny frogs
  7 tengu conjurers
  28 yaktaurs
  5 efreet (Abyss:5)
  12 freezing wraiths
  Maggie (Lair:1)
  2 ice devils (Abyss:5)
  4 hellwings
  12 demonic crawlers
  3 redback zombies
  A ghost moth simulacrum (Abyss:2)
  29 small abominations
  32 guardian mummies
  An elf skeleton (Depths:3)
  14 ancient zymes
  6 red devils
  A merfolk (shapeshifter) (Vaults:5)
  A troll (shapeshifter) (D:13)
  9 meliai
  A silent spectre (Abyss:2)
  3 harpy zombies
  A shadow dragon simulacrum (Crypt:2)
  8 trolls
  2 merfolk (Abyss:5)
  13 hornets
  Grinder (D:3)
  27 jumping spiders
  A hornet (shapeshifter) (Vaults:2)
  A tengu simulacrum (Depths:3)
  15 tyrant leeches
  2 polar bears (shapeshifter)
  33 saltlings (Desolation)
  19 slime creatures
  An ice dragon zombie (Crypt:2)
  Prince Ribbit (D:7)
  33 blink frogs
  32 raiju
  9 bog bodies
  A snapping turtle (Orc:2)
  An iron dragon simulacrum (Crypt:3)
  An alligator zombie (Tomb:2)
  A fire giant simulacrum (Vaults:2)
  11 ynoxinuls
  3 air elementals
  81 flying skulls
  4 shadows
  40 tarantellas
  4 water elementals
  2 wyverns (D:13)
  A dire elephant simulacrum (Abyss:5)
  An ettin skeleton (Tomb:1)
  14 hippogriffs
  8 ushabtiu
  A vampire (Abyss:5)
  7 spriggans
  A tarantella (shapeshifter) (Vaults:2)
  12 wraiths
  74 redbacks
  A redback (shapeshifter) (Vaults:5)
  21 chaos spawn
  A black mamba skeleton (Crypt:2)
  19 yaks
  A fire elemental (Elf:1)
  2 humans (shapeshifter)
  A basilisk (Lair:1)
  3 hogs (Lair:5)
  16 fire bats
  2 hungry ghosts
  2 golden eyes (shapeshifter) (Vaults:2)
  44 large abominations
  7 neqoxecs
  2 swamp worms (shapeshifter)
  A spatial vortex (Abyss:2)
  24 vampire mosquitoes
  16 insubstantial wisps
  5 wargs
  A soldier ant (shapeshifter) (Vaults:3)
  A naga (shapeshifter) (Vaults:5)
  3 acid dragons
  6 soldier ants
  A deep troll skeleton (Vaults:4)
  17 swamp worms
  Duvessa (D:7)
  11 hell hounds
  A floating eye (shapeshifter) (Depths:3)
  5 porcupines
  23 water moccasins
  2 floating eyes (Depths:3)
  A spiny frog zombie (Crypt:3)
  A merfolk zombie (Crypt:2)
  A monstrous demonspawn skeleton (Crypt:1)
  51 orc warriors
  A swamp drake (shapeshifter) (D:13)
  15 swamp drakes
  4 ice beasts
  An elephant zombie (Crypt:2)
  2 eyes of draining
  A black bear (D:10)
  11 necrophages
  A phantom (D:4)
  A swamp dragon zombie (Abyss:5)
  18 boggarts
  3 sky beasts
  A hornet zombie (D:13)
  12 wolves
  10 centaurs
  2 snapping turtle skeletons
  34 ogres
  2 swamp dragon skeletons
  22 crocodiles
  7 big kobolds
  24 bullfrogs
  A gnoll sergeant (D:9)
  Dowan (D:7)
  3 earth elementals
  An ogre simulacrum (Vaults:1)
  3 scorpions
  2 wyvern skeletons (D:14)
  6 killer bees
  4 electric eels
  A spriggan skeleton (Tomb:2)
  22 wights
  A yak skeleton (Crypt:2)
  6 howler monkeys
  9 crimson imps
  3 bullfrog zombies
  4 centaur zombies
  6 hounds
  6 lava snakes (Volcano)
  4 quasits
  6 jellies
  22 orc priests
  A black bear skeleton (Crypt:2)
  2 bullfrog skeletons
  12 centaur skeletons
  6 iguanas
  4 iron imps
  7 worker ants
  A human skeleton (Crypt:1)
  41 orc wizards
  A wolf simulacrum (Lair:5)
  5 yak simulacra (Lair:5)
  A polar bear simulacrum (Lair:5)
  An ogre skeleton (Crypt:1)
  A hound zombie (D:9)
  27 mummies
  A howler monkey zombie (D:10)
  3 worker ant zombies
  Robin (D:3)
  7 gnolls
  10 adders
  A river rat (shapeshifter) (Depths:2)
  A scorpion zombie (Crypt:1)
  4 shadow imps
  A swamp drake skeleton (Crypt:2)
  6 white imps
  2 ufetubi
  An iguana zombie (Crypt:1)
  4 worms
  2 dart slugs
  4 leopard geckos
  136 orcs
  2 ball pythons
  5 giant cockroaches
  19 goblins
  14 hobgoblins
  17 jackals
  6 quokkas
  8 bats
  3 frilled lizards
  A giant cockroach zombie (Crypt:2)
  A jackal skeleton (Crypt:1)
  13 kobolds
  A leopard gecko zombie (D:8)
  14 rats
  3 river rat simulacra (Lair:5)
  2 briar patches (Swamp:1)
  3 crawling corpses
  9 fungi
  A lurking horror (Abyss:5)
  7 plants
  8 starspawn tentacles
3213 creatures vanquished.

Vanquished Creatures (collateral kills)
  2 Killer Klowns (Zot:5)
  A lich (Zot:5)
  The ghost of HDogLeCool the Slayer, an adept MiBe of Trog (Spider:4)
  A titan (Vaults:5)
  A shadow dragon (Zot:5)
  A deep elf sorcerer (Elf:2)
  A frost giant (Vaults:5)
  A war gargoyle (Vaults:5)
  A jiangshi (Crypt:1)
  2 crystal guardians (Desolation)
  2 ragged hierophants (Desolation)
  A vault guard (Vaults:5)
  A servant of whispers (Desolation)
  2 peacekeepers (Desolation)
  2 two-headed ogres (Vaults:5)
  2 wolf spiders (Spider:1)
  A hellion (Elf:2)
  A slime creature (Swamp:3)
  A tyrant leech (Swamp:3)
  7 saltlings (Desolation)
  4 redbacks
  A tarantella (Vaults:5)
  A yak (D:11)
  A vampire mosquito (Swamp:3)
  2 ogres
  3 killer bees (D:11)
44 creatures vanquished.

Vanquished Creatures (others)
  A bone dragon (Abyss:5)
  3 deep elf master archers (Elf:3)
  An eldritch tentacle (Zot:5)
  An ironheart preserver (Vaults:5)
  6 stone giants
  A deep elf death mage (Elf:3)
  A fire dragon (Depths:1)
  5 yaktaur captains
  2 centaur warriors
  A salamander mystic (Depths:4)
  4 deep elf archers
  2 orb spiders (Spider:3)
  A deep elf mage (Bailey)
  A vault sentinel (Vaults:5)
  A spiny frog (Swamp:3)
  13 yaktaurs
  A spriggan (Swamp:2)
  2 humans
  4 centaurs
  A wolf simulacrum (Lair:5)
  An orc (Orc:2)
  7 briar patches
  A bush (Lair:5)
  3 demonic plants (Abyss:5)
  15 fungi
  A lurking horror (Abyss:5)
  32 plants
  38 starspawn tentacles
150 creatures vanquished.

Grand Total: 3407 creatures vanquished

Notes
Turn   | Place    | Note
-------+----------+-------------------------------------------
     0 | D:1      | Dorkslayer the Gargoyle Fighter began the quest for the
                  | Orb.
     0 | D:1      | Reached XP level 1. HP: 14/14 MP: 1/1
   156 | D:1      | Reached XP level 2. HP: 19/19 MP: 2/2
   564 | D:1      | Reached XP level 3. HP: 24/24 MP: 3/3
  1812 | D:3      | Reached XP level 4. HP: 29/29 MP: 4/4
  1834 | D:3      | Noticed Grinder
  1861 | D:3      | Killed Grinder
  1861 | D:3      | Reached skill level 1 in Dodging
  1861 | D:3      | Reached skill level 4 in Shields
  1861 | D:3      | Reached XP level 5. HP: 29/34 MP: 5/5
  1861 | D:3      | Reached XP level 6. HP: 34/39 MP: 6/6
  2074 | D:3      | Noticed Robin
  2100 | D:3      | Killed Robin
  2459 | D:3      | Found an iron altar of Okawaru.
  2693 | D:4      | Found Hiprysag's Weapon Emporium.
  2797 | D:4      | You fall into a shaft and drop 3 floors!
  2797 | D:7      | Found a staircase to the Ecumenical Temple.
  2801 | Temple   | Entered the Ecumenical Temple
  2892 | Temple   | Became a worshipper of the Shining One
  3022 | D:7      | Reached XP level 7. HP: 41/44 MP: 7/7
  3332 | D:6      | Reached skill level 5 in Armour
  3377 | D:5      | Entered Level 5 of the Dungeon
  3907 | D:4      | Found a shimmering blue altar of Sif Muna.
  3907 | D:4      | Found a shattered altar of Ashenzari.
  3908 | D:4      | Found a hide-covered altar of Uskayaw.
  3935 | D:4      | Reached skill level 5 in Fighting
  3946 | D:4      | Found Bausahazu's Distillery.
  3966 | D:4      | Bought a potion of haste for 110 gold pieces
  3966 | D:4      | Bought a potion of curing for 33 gold pieces
  4149 | D:4      | Found Mufigar's Gadget Shop.
  4224 | D:4      | Found Qinlel's Weapon Emporium.
  4249 | D:4      | Reached XP level 8. HP: 49/49 MP: 8/8
  4257 | D:4      | Reached skill level 5 in Long Blades
  4272 | D:4      | Found Qiejalem's Armour Shoppe.
  4473 | D:4      | Found a burning altar of Makhleb.
  4846 | D:5      | Noticed Sigmund
  4848 | D:5      | Noticed Sigmund
  4848 | D:5      | Sigmund changed into Sigmund the bullfrog
  4856 | D:5      | Reached * piety under the Shining One
  4857 | D:5      | Killed Sigmund the bullfrog
  4920 | D:5      | Found an ornate altar of the Wu Jian Council.
  5075 | D:5      | Reached skill level 1 in Evocations
  5244 | D:6      | Found Moaween's Serpentskin Sales.
  5267 | D:6      | Bought 8 curare-tipped darts for 52 gold pieces
  5330 | D:6      | Reached skill level 1 in Invocations
  5517 | D:6      | Reached skill level 5 in Shields
  5517 | D:6      | Reached XP level 9. HP: 54/54 MP: 11/11
  6267 | D:7      | Reached skill level 1 in Throwing
  6346 | D:7      | Noticed Prince Ribbit
  6367 | D:7      | Killed Prince Ribbit
  6852 | D:7      | Noticed Dowan
  6852 | D:7      | Noticed Duvessa
  6869 | D:7      | Killed Duvessa
  6871 | D:7      | Killed Dowan
  7153 | D:8      | Found an iron altar of Okawaru.
  7164 | D:8      | Reached ** piety under the Shining One
  7360 | D:8      | Reached XP level 10. HP: 58/60 MP: 13/13
  7726 | D:9      | Noticed a two-headed ogre
  7740 | D:9      | Killed a two-headed ogre
  7745 | D:9      | Reached skill level 6 in Shields
  7837 | D:9      | Reached skill level 5 in Invocations
  8194 | D:9      | Reached *** piety under the Shining One
  8200 | D:9      | Found a staircase to the Orcish Mines.
  8211 | D:9      | Reached XP level 11. HP: 55/67 MP: 15/15
  8354 | D:9      | Found Asuisch's Distillery.
  8379 | D:9      | Bought 2 potions of heal wounds for 110 gold pieces
  8379 | D:9      | Bought a potion of might for 44 gold pieces
  8491 | D:9      | Found a staircase to the Lair.
  8712 | Orc:1    | Entered Level 1 of the Orcish Mines
  8715 | Orc:1    | Reached skill level 7 in Shields
  8715 | Orc:1    | Reached skill level 5 in Evocations
  8779 | Orc:1    | Noticed an orc knight
  8805 | Orc:1    | Killed an orc knight
  8893 | Orc:2    | Entered Level 2 of the Orcish Mines
  9048 | Orc:2    | Found a roughly hewn altar of Beogh.
  9076 | Orc:1    | Noticed Maurice
  9262 | Orc:1    | Noticed Maurice
  9262 | Orc:1    | Maurice changed into Maurice the porcupine
  9268 | Orc:1    | Killed Maurice the porcupine
  9298 | Orc:1    | Noticed an orc sorcerer
  9308 | Orc:1    | Killed an orc sorcerer
  9449 | Orc:2    | Found a roughly hewn altar of Beogh.
  9611 | Orc:2    | Found a roughly hewn altar of Beogh.
  9654 | Orc:2    | Found Dalod's Antique Armour Shoppe.
  9675 | Orc:2    | Found a staircase to the Elven Halls.
  9732 | Orc:2    | Found a roughly hewn altar of Beogh.
  9732 | Orc:2    | Noticed an orc warlord
  9732 | Orc:2    | Reached **** piety under the Shining One
  9778 | Orc:2    | Killed an orc warlord
  9778 | Orc:2    | Reached skill level 10 in Long Blades
  9784 | Orc:2    | Reached XP level 12. HP: 44/73 MP: 17/17
  9872 | Orc:2    | Found a roughly hewn altar of Beogh.
  9938 | Orc:2    | The Shining One protects you from harm!
  9944 | Orc:2    | Reached skill level 8 in Shields
 10066 | Orc:2    | Found a roughly hewn altar of Beogh.
 10077 | Orc:2    | Found Petex's Food Emporium.
 10265 | Orc:2    | Noticed an orc warlord
 10290 | Orc:2    | Killed an orc warlord
 10354 | Orc:2    | Found a roughly hewn altar of Beogh.
 10354 | Orc:2    | Found Gongog's Antique Armour Boutique.
 10358 | Orc:2    | Found Utizem Sarea's Antique Weapon Shop.
 10542 | Orc:1    | Reached skill level 5 in Throwing
 10683 | Orc:1    | Found a bloodstained altar of Trog.
 11174 | D:4      | Bought a wand of iceblast (9) for 156 gold pieces
 11174 | D:4      | Bought a lamp of fire for 480 gold pieces
 11316 | D:10     | Entered Level 10 of the Dungeon
 11494 | D:10     | Found a flagged portal.
 11503 | Bailey   | Entered a bailey
 11816 | Bailey   | Reached XP level 13. HP: 78/80 MP: 19/19
 12051 | D:10     | Reached skill level 9 in Shields
 12477 | D:11     | You fall into a shaft and drop 2 floors!
 12696 | D:12     | Noticed Nergalle
 12714 | D:12     | Killed Nergalle
 13125 | D:11     | Reached skill level 10 in Fighting
 13365 | D:12     | You fall into a shaft and drop 3 floors!
 13365 | D:15     | Entered Level 15 of the Dungeon
 13884 | D:13     | Noticed a vault guard
 13903 | D:13     | Killed a vault guard
 13921 | D:13     | Found a gate to the Vaults.
 14104 | D:13     | Reached ***** piety under the Shining One
 14106 | D:13     | Noticed Josephine
 14128 | D:13     | Killed Josephine
 14128 | D:13     | Reached skill level 10 in Shields
 14281 | D:12     | Gained mutation: Your large and strong wings let you fly
                  | indefinitely. [Gargoyle growth]
 14281 | D:12     | Reached XP level 14. HP: 63/88 MP: 21/21
 14352 | D:11     | Gained mutation: Your muscles are strong. (Str +2) [potion
                  | of mutation]
 14352 | D:11     | Gained mutation: You expend magic power (3 MP) to
                  | strengthen your wands. [potion of mutation]
 14353 | D:11     | Lost mutation: Your muscles are strong. (Str +2) [potion of
                  | mutation]
 14353 | D:11     | Lost mutation: You expend magic power (3 MP) to strengthen
                  | your wands. [potion of mutation]
 14353 | D:11     | Gained mutation: You are robust. (+10% HP) [potion of
                  | mutation]
 14353 | D:11     | Gained mutation: You are occasionally teleported next to
                  | monsters. [potion of mutation]
 14353 | D:11     | Gained mutation: You are very robust. (+20% HP) [potion of
                  | mutation]
 14353 | D:11     | Gained mutation: You evolve. [potion of mutation]
 14581 | D:12     | Found an ancient bone altar of Kikubaaqudgha.
 14606 | D:12     | Gained mutation: You possess an exceptional clarity of
                  | mind. [evolution]
 14606 | D:12     | Lost mutation: You evolve. [end of evolution]
 15396 | D:14     | Found a runed translucent gate.
 15396 | D:14     | Found a runed translucent gate.
 15396 | D:14     | Found a runed translucent gate.
 15396 | D:14     | Noticed Borypis's ghost (journeyman TrFi)
 15399 | D:14     | Found a roughly hewn altar of Beogh.
 15442 | D:14     | Killed Borypis's ghost
 15486 | D:14     | Got a flickering copper amulet
 15838 | D:14     | Reached skill level 10 in Invocations
 15890 | D:14     | Reached ****** piety under the Shining One
 15904 | D:14     | Reached skill level 11 in Shields
 15992 | D:14     | Noticed Snorg
 16018 | D:14     | Killed Snorg
 16162 | D:14     | Reached XP level 15. HP: 83/114 MP: 22/22
 16766 | D:13     | Identified the amulet "Covalagi" {Gourm rC++ Slay+2} (You
                  | found it on level 14 of the Dungeon)
 16869 | Lair:1   | Entered Level 1 of the Lair of Beasts
 17339 | Lair:1   | Found a runed translucent gate.
 17339 | Lair:1   | Found a runed translucent gate.
 17339 | Lair:1   | Found a runed translucent gate.
 17341 | Lair:1   | Noticed Bisypsihi's ghost (journeyman KoAM)
 17394 | Lair:1   | Killed Bisypsihi's ghost
 17440 | Lair:1   | Noticed Maggie
 17457 | Lair:1   | Killed Maggie
 17797 | Lair:2   | Found a dark tunnel.
 17802 | Volcano  | Entered a volcano
 17909 | Volcano  | Found a burning altar of Makhleb.
 18791 | Lair:2   | Found a staircase to the Swamp.
 19023 | Lair:3   | Noticed Urug
 19092 | Lair:3   | Reached skill level 12 in Shields
 19102 | Lair:3   | Killed Urug
 19378 | Lair:3   | Found a hole to the Spider Nest.
 19697 | Lair:4   | Found a gate leading to a gauntlet.
 19708 | Gauntlet | Entered a Gauntlet
 19708 | Gauntlet | Found a transporter.
 19708 | Gauntlet | Found a transporter.
 19721 | Gauntlet | Found a transporter.
 19725 | Gauntlet | Found a transporter.
 19734 | Gauntlet | Found a transporter.
 19738 | Gauntlet | Found a transporter.
 19746 | Gauntlet | Found a transporter.
 19750 | Gauntlet | Found the +12 Vampire's Tooth {vamp}
 19762 | Gauntlet | Found a transporter.
 19776 | Gauntlet | Found a transporter.
 19780 | Gauntlet | Found a transporter.
 19788 | Gauntlet | Found a transporter.
 19792 | Gauntlet | Found a transporter.
 20160 | Gauntlet | Identified Sif Muna's Guide on Curses
 20161 | Gauntlet | Found the brooch of Shielding {Reflect SH+8}
 20726 | Lair:5   | Reached XP level 16. HP: 122/122 MP: 24/24
 21157 | Lair:5   | Noticed Kirke
 21288 | Lair:5   | Killed Kirke
 21517 | Lair:6   | Entered Level 6 of the Lair of Beasts
 22126 | Lair:6   | Found a runed translucent door.
 22127 | Lair:6   | Found a viscous altar of Jiyva.
 22130 | Lair:6   | Noticed an acid blob
 22131 | Lair:6   | Noticed an acid blob
 22134 | Lair:6   | Found a staircase to the Slime Pits.
 22158 | Lair:6   | Found the +8 longbow "Zephyr" {speed, Dex+3 SInv}
 22547 | Lair:6   | Identified the +6 spear of the Wraith {freeze, Str+3} (You
                  | found it on level 6 of the Lair of Beasts)
 23077 | Lair:6   | Killed an acid blob
 23319 | Lair:6   | Killed an acid blob
 23674 | Swamp:1  | Entered Level 1 of the Swamp
 23756 | Swamp:1  | Reached skill level 13 in Shields
 23846 | Swamp:1  | Noticed a thorn hunter
 23871 | Swamp:1  | Killed a thorn hunter
 24847 | Swamp:2  | Reached XP level 17. HP: 94/130 MP: 25/25
 24868 | Swamp:2  | Reached skill level 10 in Evocations
 25576 | Swamp:3  | Noticed a tentacled monstrosity
 25612 | Swamp:3  | Killed a tentacled monstrosity
 26863 | Swamp:3  | Upgraded the game from 0.25-a0-661-g55ea3d2 to
                  | 0.25-a0-663-gace7076
 26866 | Swamp:4  | Entered Level 4 of the Swamp
 27526 | Swamp:4  | Reached skill level 14 in Shields
 27858 | Swamp:4  | Got a decaying rune of Zot
 28261 | Spider:1 | Entered Level 1 of the Spider Nest
 28667 | Spider:1 | Noticed Asterion
 28692 | Spider:1 | Killed Asterion
 28711 | Spider:1 | Reached XP level 18. HP: 119/139 MP: 24/27
 29057 | Spider:2 | Reached skill level 15 in Shields
 31402 | Spider:4 | Entered Level 4 of the Spider Nest
 31451 | Spider:3 | Reached skill level 15 in Fighting
 31652 | Spider:4 | Reached skill level 16 in Shields
 31687 | Spider:4 | Reached skill level 10 in Armour
 32363 | Spider:4 | Reached skill level 10 in Throwing
 32698 | Spider:4 | Reached skill level 5 in Dodging
 32698 | Spider:4 | Reached XP level 19. HP: 147/148 MP: 0/28
 33218 | Spider:4 | Got a gossamer rune of Zot
 33354 | Spider:4 | Found a large runed translucent door.
 33354 | Spider:4 | Found a large runed translucent door.
 33356 | Spider:4 | Noticed HDogLeCool's ghost (adept MiBe)
 33478 | Spider:4 | Killed HDogLeCool's ghost
 33751 | Elf:1    | Entered Level 1 of the Elven Halls
 33805 | Elf:1    | Found Esiturr's Antique Weapon Boutique.
 33851 | Elf:1    | Found a ruined gateway.
 33878 | Desolati | Entered the Desolation of Salt
 34581 | Desolati | Identified Reiluss's Compendium of Igneous Stones
 34586 | Desolati | Got a fine pewter ring
 34588 | Desolati | Identified the ring of the Unkillable {+Fly Int+4} (You
                  | found it in the Desolation of Salt)
 34636 | Desolati | Identified the Compendium of the Earthen Arsonist
 34726 | Desolati | Cast into level 3 of the Abyss (servant of whispers)
 34846 | Abyss:3  | Gained mutation: You are dopey. (Int -2) [a neqoxec]
 34857 | Desolati | Escaped the Abyss
 35110 | Desolati | HP: 6/148 [crystal guardian/crystal bolt (42)]
 35116 | Desolati | Reached skill level 17 in Shields
 35120 | Desolati | Identified the Almanac of Floating Black Rites
 35142 | Desolati | Found the +9 heavy crossbow "Sniper" {vorpal, Acc+∞ SInv}
 35173 | Desolati | Got a fine scale mail
 35186 | Desolati | Got a jewelled halberd
 35414 | Elf:1    | Found Ducli Roymeu's Food Shop.
 35416 | Elf:1    | Found Pesibip's Book Shop.
 35419 | Elf:1    | Found Joiff's Gadget Boutique.
 35672 | Elf:1    | Identified the cursed +0 scale mail "Ilasto Meakk" {*Drain
                  | +Blink +Inv Dex+5} (You found it in the Desolation of Salt)
 35829 | Elf:1    | Found a shimmering blue altar of Sif Muna.
 35904 | Elf:1    | Got a pitted chain mail
 36146 | Elf:1    | Identified the +9 chain mail of the Jackalope {Dex+5} (You
                  | found it on level 1 of the Elven Halls)
 36147 | Elf:1    | Identified the cursed +0 halberd "Goblinbane" {vorpal, rN+
                  | Dex+4} (You found it in the Desolation of Salt)
 36313 | Elf:2    | Found a shimmering blue altar of Sif Muna.
 36357 | Elf:2    | Found a transporter.
 36362 | Elf:2    | Found a transporter.
 36364 | Elf:2    | Identified the +8 rapier of Honour {distort, +Blink rF++}
 36419 | Elf:2    | Found Dofuitai's Assorted Antiques.
 36427 | Elf:2    | Found a one-way gate to the infinite horrors of the Abyss.
 36433 | Elf:2    | Noticed Lochavei's ghost (adept DsNe)
 36463 | Elf:2    | Found a runed translucent gate.
 36463 | Elf:2    | Found a runed translucent gate.
 36464 | Elf:2    | Found a runed translucent gate.
 36643 | Elf:2    | Bought a tin of tremorstones for 390 gold pieces
 36643 | Elf:2    | Bought a runed bone wand for 104 gold pieces
 36643 | Elf:2    | Bought a potion of heal wounds for 130 gold pieces
 36736 | Elf:2    | Reached XP level 20. HP: 146/157 MP: 20/30
 36806 | Elf:2    | Killed Lochavei's ghost
 37852 | Elf:2    | Got Lugonu's Incunabulum of Dislocation
 37913 | Elf:3    | Entered Level 3 of the Elven Halls
 38156 | Elf:3    | Identified the +1 great sword "Lesm" {vamp, Str+4}
 38482 | Elf:3    | Identified the +7 spear of Theory {flame, rElec Int+6}
 38561 | Elf:3    | Got a faintly humming helmet
 38572 | Elf:3    | Identified the cursed +0 helmet "Kaujicvo" {rN+ MR+} (You
                  | found it on level 3 of the Elven Halls)
 38738 | Elf:3    | Got a crystal trident
 38739 | Elf:3    | Identified the +4 trident "Heitsog" {antimagic, Fragile
                  | rPois Str+5 Stlth+} (You found it on level 3 of the Elven
                  | Halls)
 38786 | Elf:3    | Got a shimmering war axe
 38787 | Elf:3    | Identified the cursed +1 war axe of Rerch {vorpal, +Fly rC+
                  | Dex-2} (You found it on level 3 of the Elven Halls)
 38835 | Elf:3    | Reached skill level 18 in Shields
 38971 | Elf:3    | Reached XP level 21. HP: 148/164 MP: 27/31
 39756 | Elf:1    | Bought a wand of scattershot (8) for 612 gold pieces
 40122 | D:4      | Bought a potion of might for 44 gold pieces
 40122 | D:4      | Bought a potion of curing for 33 gold pieces
 40122 | D:4      | Bought a potion of resistance for 110 gold pieces
 40122 | D:4      | Bought a potion of heal wounds for 55 gold pieces
 40122 | D:4      | Bought a potion of heal wounds for 55 gold pieces
 40122 | D:4      | Bought 2 potions of haste for 220 gold pieces
 40150 | D:4      | Bought a lightning rod (4/4) for 480 gold pieces
 40150 | D:4      | Bought a wand of acid (7) for 264 gold pieces
 40473 | Vaults:1 | Entered Level 1 of the Vaults
 40473 | Vaults:1 | Found Uthruidue's Book Shoppe.
 42970 | Vaults:2 | Found a staircase to the Crypt.
 44521 | Vaults:3 | Found a portal to a secret trove of treasure.
 45226 | Vaults:4 | Reached XP level 22. HP: 130/174 MP: 33/33
 45580 | Vaults:4 | Found a gateway to a bazaar.
 45586 | Bazaar   | Entered a bazaar
 45586 | Bazaar   | Found Yhenydir's Antique Armour Shop.
 45593 | Bazaar   | Found Mitsawio's Antique Armour Shop.
 45600 | Bazaar   | Found Gumahufrogha's Assorted Antiques.
 45626 | Bazaar   | Found Quuppehe's Gadget Shoppe.
 45629 | Bazaar   | Found Qafeevuy's Antique Weapon Shop.
 45667 | Bazaar   | Bought a potion of curing for 63 gold pieces
 45667 | Bazaar   | Bought a wand of iceblast (5) for 84 gold pieces
 45692 | Bazaar   | Bought a box of beasts for 180 gold pieces
 45692 | Bazaar   | Bought a tin of tremorstones for 135 gold pieces
 45780 | Vaults:4 | Reached skill level 15 in Long Blades
 45786 | Vaults:4 | Reached skill level 15 in Invocations
 46234 | Vaults:4 | Reached skill level 19 in Shields
 47227 | Vaults:4 | Found Wyvaek's Food Emporium.
 47309 | Vaults:5 | Entered Level 5 of the Vaults
 47310 | Vaults:5 | Noticed an ancient lich
 47335 | Vaults:5 | Identified the amulet "Waoliti" {Faith rF+}
 47364 | Vaults:5 | Noticed a golden dragon
 47367 | Vaults:5 | Lost mutation: You are very robust. (+20% HP) [a neqoxec]
 47412 | Vaults:5 | Killed an ancient lich
 47418 | Vaults:5 | Reached XP level 23. HP: 78/167 MP: 32/34
 47422 | Vaults:5 | Killed a golden dragon
 47500 | Vaults:5 | Identified the +5 scimitar of Faoboq {pain, +Rage Dex+4}
 47865 | Vaults:5 | Identified the +3 chain mail of Tomorrow {+Fly rF+ Dex-5}
                  | (You found it on level 5 of the Vaults)
 47904 | Vaults:5 | Noticed a golden dragon
 47938 | Vaults:5 | Killed a golden dragon
 48026 | Vaults:5 | Identified the +5 great sword "Earthworm" {freeze, rF+
                  | Dex+4}
 48307 | Vaults:5 | Identified the ring of Esyluic {rF++ rN+}
 48426 | Vaults:5 | Identified the +1 halberd of the Vase {freeze, rF- Str+5
                  | Stlth+}
 48464 | Vaults:5 | Reached skill level 20 in Shields
 48790 | Vaults:5 | Got a pair of spiked boots
 48801 | Vaults:5 | Identified the +0 pair of boots "Umad Xoth" {MR+ Str+2}
                  | (You found it on level 5 of the Vaults)
 48865 | Vaults:5 | Identified the cursed -3 tower shield of Lesser Demons
                  | {*Contam MR+++ Regen+}
 48902 | Vaults:5 | Reached XP level 24. HP: 70/174 MP: 35/35
 49026 | Vaults:5 | Got a shimmering hand axe
 49324 | Vaults:5 | Identified the +7 rapier "Jellybane" {elec, +Rage Str+6}
                  | (You found it on level 5 of the Vaults)
 49505 | Vaults:5 | Identified the cursed +1 long sword "Kack" {holy, *Rage
                  | +Rage Str+4} (You found it on level 5 of the Vaults)
 49510 | Vaults:5 | Identified the +1 pair of gloves of the Dungeon {+Blink
                  | rPois rCorr Dex+2} (You found it on level 5 of the Vaults)
 49511 | Vaults:5 | Identified the +1 hand axe "Asulogh" {drain, rF+} (You
                  | found it on level 5 of the Vaults)
 49521 | Vaults:5 | Got a silver rune of Zot
 49712 | Vaults:5 | Identified the +8 hand axe of Huxubelu {vorpal, +Rage rPois
                  | Int+8 Stlth-} (You found it on level 5 of the Vaults)
 49786 | Vaults:5 | Identified The Foundations of Thaumaturgy
 50171 | Vaults:5 | Upgraded the game from 0.25-a0-663-gace7076 to
                  | 0.25-a0-665-ga69d640
 50681 | D:9      | Bought 2 potions of heal wounds for 110 gold pieces
 50681 | D:9      | Bought a potion of resistance for 110 gold pieces
 50867 | Elf:2    | Bought a scroll of teleportation for 78 gold pieces
 51289 | Crypt:1  | Entered Level 1 of the Crypt
 51582 | Crypt:1  | Reached skill level 10 in Dodging
 51925 | Crypt:1  | Identified a scroll of acquirement
 52927 | Crypt:3  | Entered Level 3 of the Crypt
 53301 | Crypt:3  | Found an ancient bone altar of Kikubaaqudgha.
 53603 | Crypt:3  | Noticed an ancient lich
 53618 | Crypt:3  | Killed an ancient lich
 53682 | Crypt:3  | Reached XP level 25. HP: 181/181 MP: 35/35
 53719 | Crypt:3  | Reached skill level 21 in Shields
 53743 | Crypt:3  | Found a staircase to the Tomb.
 53885 | Crypt:3  | Reached skill level 15 in Armour
 54025 | Crypt:3  | Identified the cursed +3 rapier of the Egg {distort,
                  | *Corrode +Inv rPois} (You found it on level 3 of the Crypt)
 54027 | Crypt:3  | Identified the ring of the Swan {rElec rN+ MR+ Slay-2
                  | Stlth+} (You found it on level 3 of the Crypt)
 54028 | Crypt:3  | Identified the ring "Enkacad" {rN+ Dex+4} (You found it on
                  | level 3 of the Crypt)
 54029 | Crypt:3  | Identified the ring "Tidweont" {rN+ Int-2 Dex+5} (You found
                  | it on level 3 of the Crypt)
 54956 | D:15     | Reached skill level 1 in Stealth
 55098 | D:15     | Found a staircase to the Depths.
 55235 | D:15     | Found a glowing golden altar of the Shining One.
 55349 | Depths:1 | Entered Level 1 of the Depths
 55723 | Depths:1 | Identified a +2 pair of boots of running (You found it on
                  | level 1 of the Depths)
 55820 | Depths:1 | Found a gateway to Hell.
 55927 | Depths:1 | Upgraded the game from 0.25-a0-665-ga69d640 to
                  | 0.25-a0-667-gb977e01
 56168 | Depths:1 | Noticed Louise
 56175 | Depths:1 | Killed Louise
 56424 | Depths:2 | Identified a +4 eudemon blade of holy wrath (a +2 vorpal
                  | demon blade blessed by the Shining One)
 56424 | Depths:2 | Received a gift from the Shining One
 56798 | Depths:2 | Reached skill level 5 in Stealth
 56800 | Depths:2 | Noticed a juggernaut
 56812 | Depths:2 | Noticed a juggernaut
 57193 | Depths:2 | Killed a juggernaut
 57473 | Depths:2 | Identified the cursed +0 chain mail of Mental Paralysis
                  | {rF- rN++} (You found it on level 2 of the Depths)
 57491 | Depths:2 | Identified the Incunabulum of Dusty Translocation
 57550 | Depths:2 | Identified the amulet of Pinum {Spirit Dex+4}
 57663 | Depths:2 | Killed a juggernaut
 58339 | Depths:3 | Found the ring of Phasing {EV+8}
 58361 | Depths:3 | Paralysed by a floating eye for 2 turns
 58367 | Depths:3 | Reached XP level 26. HP: 152/190 MP: 35/35
 58439 | Depths:3 | Reached skill level 15 in Evocations
 58488 | Depths:3 | Identified Sif Muna's Guide on Creative Changing
 58524 | Depths:3 | Found Arusi's Jewellery Shop.
 58550 | Depths:3 | Bought the ring "Jiwitha" {rElec rC+ MR+ Stlth+} for 970
                  | gold pieces
 58892 | Depths:3 | Identified the Catalogue of Floating Stones
 59273 | Depths:3 | Found a one-way gate leading to the halls of Pandemonium.
 59373 | Depths:4 | Reached skill level 22 in Shields
 59412 | Depths:4 | Found a gateway to a ziggurat.
 59900 | Depths:4 | Reached skill level 10 in Stealth
 59918 | Depths:4 | Identified the ring "Qics" {+Blink rPois rC- Int+6 Stlth+}
 60040 | Depths:4 | Identified Niatatz's Grimoire of Mutagenic Feathers
 60366 | Depths:5 | Entered Level 5 of the Depths
 60569 | Depths:5 | Found a gate to the Realm of Zot.
 60916 | Depths:5 | Reached XP level 27. HP: 198/198 MP: 36/36
 61076 | Depths:5 | Found a shattered altar of Ashenzari.
 61251 | Depths:5 | Found a runed translucent door.
 61251 | Depths:5 | Noticed Tiatoin's ghost (journeyman DDFi)
 61297 | Depths:5 | Killed Tiatoin's ghost
 61320 | Depths:5 | Found a runed translucent door.
 61320 | Depths:5 | Noticed Fini's ghost (legendary MiBe)
 61372 | Depths:5 | Killed Fini's ghost
 61393 | Depths:5 | Found a runed translucent door.
 61393 | Depths:5 | Noticed Pafuh's ghost (journeyman DDFi)
 61410 | Depths:5 | Killed Pafuh's ghost
 62201 | Tomb:1   | Entered Level 1 of the Tomb of the Ancients
 62614 | Tomb:1   | Noticed a greater mummy
 62632 | Tomb:1   | Killed a greater mummy
 62930 | Tomb:2   | Noticed a greater mummy
 62938 | Tomb:2   | Killed a greater mummy
 62949 | Tomb:2   | Noticed a greater mummy
 62956 | Tomb:2   | Noticed a greater mummy
 62978 | Tomb:2   | Noticed a greater mummy
 62992 | Tomb:2   | Killed a greater mummy
 62995 | Tomb:2   | Killed a greater mummy
 63005 | Tomb:2   | Killed a greater mummy
 63570 | Tomb:1   | Noticed a greater mummy
 63584 | Tomb:1   | Killed a greater mummy
 63614 | Tomb:1   | Noticed a greater mummy
 63623 | Tomb:1   | Killed a greater mummy
 63623 | Tomb:1   | Reached skill level 23 in Shields
 63638 | Tomb:1   | Noticed a greater mummy
 63647 | Tomb:1   | Killed a greater mummy
 63648 | Tomb:1   | Noticed a greater mummy
 63665 | Tomb:1   | Killed a greater mummy
 63671 | Tomb:1   | Noticed a greater mummy
 63680 | Tomb:1   | Noticed a greater mummy
 63683 | Tomb:1   | Killed a greater mummy
 63684 | Tomb:1   | Noticed a greater mummy
 63685 | Tomb:1   | Noticed a greater mummy
 63688 | Tomb:1   | Noticed a greater mummy
 63717 | Tomb:1   | Noticed a greater mummy
 63729 | Tomb:1   | Noticed a greater mummy
 63744 | Tomb:1   | Killed a greater mummy
 63748 | Tomb:1   | Killed a greater mummy
 63863 | Tomb:1   | Noticed a greater mummy
 63877 | Tomb:1   | Killed a greater mummy
 64200 | Tomb:1   | Killed a greater mummy
 64321 | Tomb:1   | Killed a greater mummy
 64464 | Tomb:1   | Noticed a greater mummy
 64480 | Tomb:1   | Killed a greater mummy
 64491 | Tomb:1   | Killed a greater mummy
 64555 | Tomb:1   | Noticed a greater mummy
 64566 | Tomb:1   | Killed a greater mummy
 64788 | Crypt:3  | Upgraded the game from 0.25-a0-667-gb977e01 to
                  | 0.25-a0-668-gea548f1
 65367 | Depths:1 | Voluntarily entered the Abyss.
 65375 | Abyss:1  | Found a corrupted altar of Lugonu.
 65478 | Abyss:2  | Found a corrupted altar of Lugonu.
 65601 | Abyss:2  | Found a roughly hewn altar of Beogh.
 65648 | Abyss:2  | Gained mutation: You are agile. (Dex +2) [a neqoxec]
 65771 | Abyss:2  | Gained mutation: You are very dopey. (Int -4) [a neqoxec]
 65887 | Abyss:2  | Gained mutation: Your body sometimes deteriorates upon
                  | taking damage. [a neqoxec]
 65912 | Abyss:2  | Lost mutation: You possess an exceptional clarity of mind.
                  | [a neqoxec]
 65932 | Abyss:3  | Found a corrupted altar of Lugonu.
 65933 | Abyss:3  | Lost mutation: You are very dopey. (Int -4) [potion of
                  | mutation]
 65933 | Abyss:3  | Lost mutation: You are dopey. (Int -2) [potion of mutation]
 65933 | Abyss:3  | Lost mutation: You are occasionally teleported next to
                  | monsters. [potion of mutation]
 65933 | Abyss:3  | Gained mutation: You have large cloven feet. [potion of
                  | mutation]
 65933 | Abyss:3  | Gained mutation: You are somewhat resistant to further
                  | mutation. [potion of mutation]
 65934 | Abyss:3  | Lost mutation: Your body sometimes deteriorates upon taking
                  | damage. [potion of mutation]
 65934 | Abyss:3  | Lost mutation: You are robust. (+10% HP) [potion of
                  | mutation]
 65936 | Abyss:3  | Found a corrupted altar of Lugonu.
 66038 | Abyss:4  | Reached skill level 15 in Stealth
 66376 | Abyss:5  | Entered Level 5 of the Abyss
 66510 | Abyss:5  | Got a scorched war axe
 66595 | Abyss:5  | Identified the +8 war axe "Mycs" {flame, +Inv rC+++ Dex-4
                  | Stlth+} (You found it on level 5 of the Abyss)
 66856 | Abyss:5  | Gained mutation: You are frail. (-10% HP) [a neqoxec]
 66882 | Abyss:5  | Noticed an ancient lich
 66884 | Abyss:5  | Paralysed by accursed screaming for 1 turns
 66896 | Abyss:5  | Killed an ancient lich
 66899 | Abyss:5  | Lost mutation: You are frail. (-10% HP) [potion of
                  | mutation]
 66899 | Abyss:5  | Lost mutation: You have large cloven feet. [potion of
                  | mutation]
 67528 | Abyss:5  | Paralysed by accursed screaming for 1 turns
 67544 | Abyss:5  | Paralysed by accursed screaming for 1 turns
 67572 | Abyss:5  | Found a corrupted altar of Lugonu.
 67666 | Abyss:5  | Found a glowing golden altar of the Shining One.
 67889 | Abyss:5  | Reached skill level 24 in Shields
 68209 | Abyss:5  | Paralysed by accursed screaming for 1 turns
 68218 | Abyss:5  | Paralysed by accursed screaming for 1 turns
 68276 | Abyss:5  | Found a corrupted altar of Lugonu.
 68316 | Abyss:5  | Got an abyssal rune of Zot
 68363 | Abyss:5  | Found a corrupted altar of Lugonu.
 68503 | Depths:1 | Escaped the Abyss
 68646 | Zot:1    | Entered Level 1 of the Realm of Zot
 69446 | Zot:1    | Found a transporter.
 69560 | Zot:1    | Found a transporter.
 69662 | Zot:1    | Noticed an orb of fire
 69667 | Zot:1    | Gained mutation: Scrolls take you a little longer to read.
                  | [an orb of fire]
 69687 | Zot:1    | Killed an orb of fire
 69722 | Zot:1    | Got a vibrating sapphire amulet
 69745 | Zot:1    | Identified the amulet of Uraemot {Harm *Drain rC+} (You
                  | found it on level 1 of the Realm of Zot)
 69747 | Zot:1    | Identified the ring of Keidun {Fire rN+} (You found it on
                  | level 1 of the Realm of Zot)
 69761 | Zot:1    | Got a sparkling crystal amulet
 69764 | Zot:1    | Identified the amulet of the Echidna {Gourm SInv} (You
                  | found it on level 1 of the Realm of Zot)
 70153 | Zot:2    | Got an iridescent hand axe
 70842 | Zot:3    | Reached skill level 25 in Shields
 71360 | Zot:3    | Found the +4 skin of Zhor {Englaciate rC+++ SInv}
 72310 | Zot:5    | Entered Level 5 of the Realm of Zot
 72384 | Zot:5    | HP: 7/188 [golden dragon/bolt of cold (12)]
 72835 | Zot:5    | Noticed an ancient lich
 72835 | Zot:5    | Noticed an ancient lich
 72847 | Zot:5    | Killed an ancient lich
 72853 | Zot:5    | Killed an ancient lich
 73005 | Zot:5    | Noticed a juggernaut
 73005 | Zot:5    | a Killer Klown changed into a juggernaut
 73019 | Zot:5    | Killed a juggernaut
 73026 | Zot:5    | Identified the +9 hand axe "Letas" {vorpal, rN+} (You found
                  | it on level 2 of the Realm of Zot)
 73031 | Zot:5    | Got the Orb of Zot
 73045 | Zot:5    | Noticed an orb of fire
 73048 | Zot:5    | Gained mutation: You are dopey. (Int -2) [an orb of fire]
 73057 | Zot:5    | Gained mutation: You tend to lose your temper in combat.
                  | [an orb of fire]
 73071 | Zot:5    | Killed an orb of fire
 73078 | Zot:5    | Noticed Adinek the pandemonium lord
 73084 | Zot:5    | Killed Adinek the pandemonium lord
 73104 | Zot:5    | Reached skill level 26 in Shields
 73119 | Zot:5    | Killed from afar by a hellion

Levels and vault maps discovered:
D:1:      tarquinn_simple_flora_water_d, layout_loops_corners
D:2:      layout_basic
D:3:      layout_loops_cross, first_ration, okawaru_gym_becter, uniq_grinder,
          uniq_robin
D:4:      layout_basic, gammafunk_temple_overflow_claw, serial_shops, shop,
          shop, shop, shop, nicolae_shop_trees, serial_co_window_serial,
          co_window_of_opportunity_a, co_window_paths_a, co_window_cross_1,
          co_window_corner_a, co_window_paths_b, co_window_broadway_a,
          co_window_broadway_c, co_window_of_opportunity_c, co_window_4corner_b,
          co_window_paths_d, glass_columns_a, bloody_makhleb
D:5:      layout_gridville, lemuel_coloured_pillars_altar, uniq_sigmund
D:6:      layout_basic, guppyfry_shop_venom
D:7:      layout_loops_corners, temple_green, the_bakery, uniq_duvessa,
          uniq_prince_ribbit1
D:8:      layout_basic, lemuel_crystal_altar
D:9:      layout_basic, erik_lair_orcish_takeover,
          kennysheep_orc_monster_closet_entryway, serial_shops, shop,
          chequers_serial_rivers_micro_d
D:10:     layout_irregular_city, enter_bailey_2
D:11:     layout_big_octagon
D:12:     layout_grid_maze, basic_altar, nicolae_benzene_ring,
          einodemon_armed_red_devil_minivault, uniq_nergalle
D:13:     layout_stronghold, david_vaults_5, uniq_josephine
D:14:     hangedman_screamer, layout_loops_ring, biasface_ghost_orc_armoury,
          dk_noncrumbling_3, minmay_misc_feat_enclosed, uniq_snorg
D:15:     grunt_enter_depths_snipers, layout_cave_pools,
          hangedman_abyss_or_decor_stabs, tso_altar
Temple:   minmay_crystal_spiral_temple
Lair:1:   layout_cave_pods, maelrawn_ghost_gauntlet_escape, patterned_corridor,
          uniq_maggie
Lair:2:   layout_chaotic_city, nicolae_swamp_entry_splash_gauntlet,
          enter_volcano_4
Lair:3:   layout_cave_pods, spider_nest_entry_rubble, uniq_urug
Lair:4:   layout_big_grid, gauntlet_entry_generic, minivault_24
Lair:5:   statuecave_lemuel, layout_loops_ring, eino_house_with_fridge,
          uniq_kirke
Lair:6:   minmay_lair_end_frog_pond, layout_regular_city, slime_altar_2,
          serial_bayou_ford_a
Swamp:1:  layout_basic_swamp, evilmike_swamp_ruin_rubble_2,
          nicolae_swamp_alligator_family
Swamp:2:  layout_basic_swamp, evilmike_swamp_ruin_rubble_1, grunt_hermit_hut
Swamp:3:  layout_basic_swamp, infiniplex_staircase_pool_2
Swamp:4:  swamp, layout_basic_swamp, infiniplex_staircase_pool
Spider:1: layout_spider_delve, uniq_asterion
Spider:2: layout_spider_delve, hangedman_spider_tarantella_strand
Spider:3: layout_chambers, nicolae_orb_island
Spider:4: grunt_spider_rune_circles, ebering_ghost_disaster_area
Orc:1:    layout_diamond_mine, trog_butcher_becter, uniq_maurice
Orc:2:    grunt_orc_community_town_hall, layout_caves,
          grunt_orc_community_big_house_2, grunt_orc_community_big_house_2,
          grunt_orc_community_house_1, grunt_orc_community_house_1,
          grunt_orc_community_house_3, grunt_orc_community_house_2
Elf:1:    eino_elf_arrival_sip, layout_geoelf_diagonals,
          portal_desolation_entry_nicolae_slug, basic_altar,
          kennysheep_underground_church, minmay_shoptagon
Elf:2:    layout_geoelf_diagonals, basic_altar, serial_shops, shop,
          gammafunk_ghost_abyssal_escape
Elf:3:    minmay_elf_hall_statues, layout_loops_corners, minmay_misc_feat_five,
          hex_medium, grunt_megastairs_1
Vaults:1: hangedman_vaults_hat, vaults_room_fancy_cross, grunt_vaults_diagonal,
          vaults_dpeg_diagonal, v_pattern_5, v_misc_23, v_rooms_1,
          v_alt_pattern_5, vaults_dpeg_encased_lava, grunt_vaults_hallway_short,
          layout_vaults_chaotic_city, serial_shops, shop
Vaults:2: vaults_mumra_lcd, v_alt_pattern_6, v_misc_30, v_misc_28,
          minmay_crypt_entry_simple_box, v_misc_26, ontoclasm_vaults_gateway,
          vaults_dpeg_doors, v_misc_4, v_alt_pattern_6, layout_vaults_omnigrid
Vaults:3: hangedman_vaults_snaps, hangedman_vaults_nodes, grunt_vaults_twisty,
          v_misc_9, st_cells, v_pattern_4, v_misc_14, grunt_vaults_hallway_long,
          vaults_room_octagon, nicolae_vaults_alarming, v_misc_22,
          layout_vaults_ring, enter_trove_0
Vaults:4: v_misc_2, nicolae_vaults_back_hallway,
          nicolae_vaults_network_periphery, vaults_standard_mumra_lines,
          vaults_room_semicircle, nicolae_vaults_quadrants,
          vaults_room_grunt_arrival_checkpoint, hangedman_vaults_cutoff,
          v_misc_29, ontoclasm_vaults_twist, layout_vaults_omnicross,
          serial_shops, bzr_entry_safe, nicolae_shop_behind_doors
Vaults:5
Crypt:1:  layout_regular_city
Crypt:2:  layout_misc_corridors
Crypt:3:  grunt_crypt_end_deaths_head
Tomb:1
Tomb:2
Depths:1: layout_cave_pools, grunt_hell_entry_dis_grunt,
          nicolae_abyss_entry_one_way_or_another, statue_in_the_mist_lemuel,
          grunt_ministairs_15, small_chamber_with_monster,
          kennysheep_crisscross, hangedman_decor_diamond_cutter, feat_on_display
Depths:2: minmay_the_grid_square_5x5_3x3 [minmay_the_grid_square_5x5_minibox,
          minmay_the_grid_square_5x5_three, minmay_the_grid_square_5x5_n_small,
          minmay_the_grid_square_5x5_seven,
          minmay_the_grid_square_5x5_megaprize_crossed,
          minmay_the_grid_square_5x5_intrusive_squares,
          minmay_the_grid_square_5x5_forky, minmay_the_grid_square_5x5_shrine1,
          minmay_the_grid_square_5x5_percent], layout_gridlike,
          serial_co_window_serial, co_window_corner_a, co_window_paths_a,
          co_window_paths_a, co_window_paths_a, co_window_paths_b,
          co_window_paths_b, co_window_paths_a, co_window_cross_1,
          co_window_paths_a, co_window_broadway_a, co_window_corner_cb,
          co_window_2corner, co_window_unsneaky_path_d,
          co_window_of_opportunity_c, co_window_2corner, glass_columns_a,
          grunt_metal_band, minmay_liquid_box
Depths:3: minmay_strange_plus, layout_twisted_cross,
          hangedman_decor_peaks_small, hellmouth_1, pan_entry, serial_shops,
          nicolae_shop_statue_plus, minivault_12
Depths:4: evilmike_lava_path, layout_gridville, enter_ziggurat_f,
          chequers_serial_rivers_room_b, hell_entry, abyss_entry,
          nrook_campfire, minmay_misc_feat_pillars, infiniplex_staircase_x
Depths:5: grunt_zot_entry_pinwheel, layout_basic, evilmike_ruin_ashenzari,
          grunt_pan_entry_zigzag, hell_entry,
          muffindrake_ghost_three_little_ghosts
Zot:1:    gammafunk_its_a_trap, layout_basic, zot_minivault_1
Zot:2:    layout_concentric_octagons
Zot:3:    layout_basic
Zot:4:    layout_misc_corridors, drop_trap
Zot:5:    layout_twisted_circle, nicolae_zot_crop_circle

Skill      XL: |  1  2  3  4  5  6  7  8  9 10 11 12 13 14 15 16 17 18 19 20 21 22 23 24 25 26 27 |
---------------+----------------------------------------------------------------------------------+-----
Long Blades    | 2 3 4 6 7 9 10 11 12 13 14 15 16 18 | 18.1
Fighting       | 4 5 6 7 9 10 11 12 13 14 15 16 17 18 19 20 23 | 23.8
Armour         | 4 5 6 7 8 9 10 11 12 13 14 15 16 19 | 19.5
Dodging        | 1 2 3 4 5 6 7 8 9 10 11 14 | 14.9
Shields        | 4 5 6 7 8 10 11 12 13 14 16 17 18 19 20 21 22 26 | 26.0
Evocations     | 2 3 4 5 6 7 8 9 10 11 12 13 14 15 18 | 18.0
Invocations    | 2 4 5 7 8 9 10 11 12 13 14 15 16 17 18 21 | 21.6
Throwing       | 1 2 4 5 6 7 8 9 10 11 12 | 12.3
Stealth        | 7 10 16 | 16.3

Action                   |  1- 3 |  4- 6 |  7- 9 | 10-12 | 13-15 | 16-18 | 19-21 | 22-24 | 25-27 || total
-------------------------+-------+-------+-------+-------+-------+-------+-------+-------+-------++-------
Melee: Long sword        |   203 |   178 |    90 |       |  1151 |  2246 |   362 |       |     4 ||  4234
       Falchion          |       |       |    90 |       |       |       |       |       |       ||    90
       Scimitar          |       |       |   125 |   639 |   403 |   369 |  1550 |  1633 |   361 ||  5080
       Unarmed           |       |       |       |       |       |     5 |       |       |       ||     5
       Eudemon blade     |       |       |       |       |       |       |       |       |  3682 ||  3682
Throw: Dart              |       |     5 |    27 |    22 |     8 |       |    36 |    15 |    26 ||   139
       Boomerang         |       |       |       |    55 |    41 |   130 |    41 |    15 |    75 ||   357
       Javelin           |       |       |       |       |       |    25 |    76 |    49 |   246 ||   396
Invok: Divine Shield     |       |       |       |    12 |    14 |    16 |    30 |    26 |    25 ||   123
       Cleansing Flame   |       |       |       |       |     3 |       |     6 |    18 |    73 ||   100
       Summon Divine War |       |       |       |       |       |     1 |     6 |     2 |     3 ||    12
       Brand Weapon With |       |       |       |       |       |       |       |       |     1 ||     1
 Abil: Fly               |       |       |       |       |     1 |     1 |       |       |       ||     2
       Stop Flying       |       |       |       |       |     1 |       |       |       |       ||     1
Evoke: Wand              |       |       |     4 |     7 |    16 |    55 |    48 |    30 |    65 ||   225
       Tin of tremorston |       |       |       |     4 |       |       |     1 |     1 |     7 ||    13
       Lamp of fire      |       |       |       |       |     1 |     3 |     6 |     5 |     8 ||    23
       Fan of gales      |       |       |       |       |     1 |     2 |     4 |     1 |     2 ||    10
       Box of beasts     |       |       |       |       |       |     2 |     3 |     3 |     3 ||    11
       Lightning rod     |       |       |       |       |       |       |     8 |    20 |    29 ||    57
  Use: Scroll            |     2 |       |     6 |    15 |    23 |    13 |    14 |    28 |    31 ||   132
       Potion            |       |     1 |     3 |     5 |     9 |     4 |    10 |    20 |    28 ||    80
  Eat: Chunk             |     3 |     4 |     9 |    13 |    17 |    16 |     4 |     7 |    18 ||    91
       Ration            |       |       |     2 |     2 |     5 |     8 |    12 |     8 |    17 ||    54
Armor: Scale mail        |   113 |    80 |   136 |    60 |       |       |       |       |       ||   389
       Plate armour      |       |       |       |   116 |   610 |  1187 |   193 |       |       ||  2106
       Chain mail        |       |       |       |       |       |       |   261 |   149 |       ||   410
       Gold dragon scale |       |       |       |       |       |       |       |   177 |  1439 ||  1616
Dodge: Dodged            |    50 |    49 |    85 |   104 |   249 |   494 |   304 |   409 |  1803 ||  3547
Block: Kite shield       |   117 |    98 |   146 |   589 |  1503 |  3282 |  2085 |  1965 |  5310 || 15095
       Reflection        |       |       |     3 |    16 |    43 |    22 |   143 |    70 |   142 ||   439
       Other             |       |       |       |       |       |     1 |       |       |       ||     1
       Rpst.: Long sword |    11 |    12 |    10 |       |    48 |    80 |     6 |       |       ||   167
       Falchion          |       |       |     8 |       |       |       |       |       |       ||     8
       Scimitar          |       |       |    11 |    35 |    10 |    14 |    48 |    65 |    10 ||   193
       Eudemon blade     |       |       |       |       |       |       |       |       |   248 ||   248

Table legend:
 A = Non-vault XP
 B = Vault XP
 C = Vault XP percentage of total XP
 D = Non-vault monster count
 E = Vault monster count
 F = Vault count percentage of total count
                 A         B        C        D         E       F
            +---------+---------+-------+---------+---------+-------
      Total | 1032900 | 1196950 |  53.7 |    1987 |    1279 |  39.2
            +---------+---------+-------+---------+---------+-------
        D:1 |      57 |       0 |   0.0 |      35 |       0 |   0.0
        D:2 |      23 |       0 |   0.0 |      12 |       0 |   0.0
        D:3 |      80 |     326 |  80.3 |      32 |      14 |  30.4
        D:4 |     345 |       0 |   0.0 |      11 |       0 |   0.0
        D:5 |     402 |      88 |  18.0 |      12 |       1 |   7.7
        D:6 |    1182 |     156 |  11.7 |      36 |       2 |   5.3
        D:7 |     912 |     706 |  43.6 |      32 |       4 |  11.1
        D:8 |     884 |       0 |   0.0 |      16 |       0 |   0.0
        D:9 |    3670 |    2453 |  40.1 |      47 |      27 |  36.5
       D:10 |    2761 |       0 |   0.0 |      21 |       0 |   0.0
       D:11 |    6954 |       0 |   0.0 |      38 |       0 |   0.0
       D:12 |    7083 |    2159 |  23.4 |      24 |       5 |  17.2
       D:13 |    6581 |    3703 |  36.0 |      34 |      10 |  22.7
       D:14 |    8640 |   22290 |  72.1 |      26 |      49 |  65.3
       D:15 |    8907 |    3770 |  29.7 |      27 |       6 |  18.2
     Lair:1 |    1981 |    2944 |  59.8 |      10 |       4 |  28.6
     Lair:2 |    3891 |    1015 |  20.7 |      17 |       6 |  26.1
     Lair:3 |    5979 |    1078 |  15.3 |      17 |       2 |  10.5
     Lair:4 |    4538 |       0 |   0.0 |      14 |       0 |   0.0
     Lair:5 |    4521 |    4048 |  47.2 |      23 |      18 |  43.9
     Lair:6 |    8314 |   18420 |  68.9 |      33 |      49 |  59.8
    Swamp:1 |   11339 |    2730 |  19.4 |      23 |       3 |  11.5
    Swamp:2 |    9800 |     826 |   7.8 |      28 |       1 |   3.4
    Swamp:3 |   14795 |       0 |   0.0 |      48 |       0 |   0.0
    Swamp:4 |    9564 |   20329 |  68.0 |      22 |      27 |  55.1
   Spider:1 |   14628 |    2261 |  13.4 |      53 |       1 |   1.9
   Spider:2 |   10506 |     205 |   1.9 |      27 |       1 |   3.6
   Spider:3 |   27204 |    2631 |   8.8 |      66 |       5 |   7.0
   Spider:4 |    9117 |   29139 |  76.2 |      25 |      45 |  64.3
      Orc:1 |    3790 |     389 |   9.3 |      33 |       5 |  13.2
      Orc:2 |    6585 |    4372 |  39.9 |      51 |      64 |  55.7
      Elf:1 |   11679 |    5842 |  33.3 |      20 |       9 |  31.0
      Elf:2 |    8834 |   42846 |  82.9 |      11 |      40 |  78.4
      Elf:3 |   18801 |   47337 |  71.6 |      32 |      37 |  53.6
   Vaults:1 |   16057 |   18785 |  53.9 |      36 |      33 |  47.8
   Vaults:2 |    4646 |   11577 |  71.4 |      10 |      20 |  66.7
   Vaults:3 |   14478 |   20629 |  58.8 |      26 |      37 |  58.7
   Vaults:4 |   34341 |   32864 |  48.9 |      51 |      37 |  42.0
   Vaults:5 |   35613 |  150598 |  80.9 |      45 |     103 |  69.6
    Crypt:1 |   25964 |       0 |   0.0 |      41 |       0 |   0.0
    Crypt:2 |   32433 |       0 |   0.0 |      50 |       0 |   0.0
    Crypt:3 |       0 |   81769 | 100.0 |       0 |     129 | 100.0
     Tomb:1 |   12358 |  132620 |  91.5 |      32 |      56 |  63.6
     Tomb:2 |    9305 |   67889 |  87.9 |      25 |      72 |  74.2
   Depths:1 |   29921 |    3846 |  11.4 |      37 |       4 |   9.8
   Depths:2 |   21189 |   39019 |  64.8 |      26 |      24 |  48.0
   Depths:3 |   59012 |   36112 |  38.0 |      78 |      23 |  22.8
   Depths:4 |   31606 |   26142 |  45.3 |      35 |      17 |  32.7
   Depths:5 |   12121 |   63875 |  84.1 |       8 |      43 |  84.3
      Zot:1 |   93105 |   50992 |  35.4 |      56 |      20 |  26.3
      Zot:2 |   56293 |       0 |   0.0 |      32 |       0 |   0.0
      Zot:3 |   50514 |       0 |   0.0 |      31 |       0 |   0.0
      Zot:4 |   44146 |       0 |   0.0 |      25 |       0 |   0.0
      Zot:5 |   26302 |  117709 |  81.7 |      15 |      35 |  70.0
    Abyss:2 |   24881 |       0 |   0.0 |      60 |       0 |   0.0
    Abyss:3 |    2120 |    4113 |  66.0 |       5 |       4 |  44.4
    Abyss:4 |   25095 |       0 |   0.0 |      46 |       0 |   0.0
    Abyss:5 |  137053 |   65857 |  32.5 |     261 |      76 |  22.6
     Bailey |       0 |    5257 | 100.0 |       0 |       9 | 100.0
    Volcano |       0 |    4805 | 100.0 |       0 |      21 | 100.0
 Desolation |       0 |   34573 | 100.0 |       0 |      68 | 100.0
   Gauntlet |       0 |    5856 | 100.0 |       0 |      13 | 100.0
            +---------+---------+-------+---------+---------+-------
